 Dungeon Crawl Stone Soup version 0.25-a0-482-g9b3b753f3f (webtiles) character file.

Game seed: 3308842130682221570, levelgen mode: deterministic

20437 Ijustatesigmund the Holy Warrior (level 13, -1/99 HPs)
             Began as a Human Gladiator on Feb 10, 2020.
             Was a Priest of the Shining One.
             Slain by a minotaur
             ... wielding the +7 falchion of the Vase {venom, *Drain MP+9 Dex+4 Stlth+}
              (4 damage)
             ... in a Gauntlet.
             The game lasted 00:42:22 (15211 turns).

Ijustatesigmund the Holy Warrior (Human Gladiator) Turns: 15211, Time: 00:42:23

Health: -1/99      AC: 14    Str: 21    XL:     13   Next: 12%
Magic:  21/21      EV: 21    Int:  8    God:    the Shining One [***...]
Gold:   566        SH: 24    Dex: 32    Spells: 11/12 levels left

rFire    + . .     SeeInvis +   a - +2 long sword
rCold    + + .     Gourm    .   e - +1 buckler {AC+3}
rNeg     + + .     Faith    .   p - +2 ring mail {rN+}
rPois    .         Spirit   .   c - +0 mask of the Dragon {MR+ Slay+3 SInv}
rElec    .         Reflect  +   K - scarf {rC+ rF+}
rCorr    .         Harm     .   A - +2 pair of gloves of Beogh's Benevolence {*Corrode +Inv Dex+9}
MR       ++...     NoTele   +   (no boots)
Stlth    ++........             D - +4 amulet of reflection
HPRegen  0.26/turn              m - +4 ring of strength
MPRegen  0.17/turn              r - ring of protection from cold

@: agile, lethally poisoned (-1 -> -26), divine shield, glowing
A: magic resistance 1, sturdy frame 1
a: Divine Shield, Renounce Religion, Evoke Invisibility


You were in a Gauntlet.
You worshipped the Shining One.
The Shining One was most pleased with you.
You were not hungry.

You visited 2 branches of the dungeon, and saw 12 of its levels.
You also visited: Bailey and Gauntlet.

You collected 727 gold pieces.
You spent 161 gold pieces at shops.

Inventory:

Hand Weapons
 a - a +2 long sword (weapon)
 t - the +10 dark maul {vorpal}
   (You found it on level 9 of the Dungeon)

   It inflicts extra damage upon your enemies.
Missiles
 d - a throwing net
 j - 35 javelins
 q - 12 atropa-tipped darts (quivered)
Armour
 b - the +0 pair of gloves of Oroonump {*Drain rElec rCorr MP-9}
   (You found it on level 4 of the Dungeon)

   It insulates you from electricity.
   It affects your magic capacity (-9).
   It provides partial protection from all sources of acid and corrosion.
   It causes draining when unequipped.
   If you switch to wearing this armour, your AC will decrease by 2 (14 -> 12).
 c - the +0 mask of the Dragon (worn) {MR+ Slay+3 SInv}
   (You found it in a Gauntlet)

   It affects your accuracy and damage with ranged weapons and melee attacks
   (+3).
   It affects your resistance to hostile enchantments.
   It lets you see invisible.
   If you remove this armour, your AC will remain unchanged.
 e - a +1 buckler of protection (worn)
 p - a +2 ring mail of positive energy (worn)
 A - the +2 pair of gloves of Beogh's Benevolence (worn) {*Corrode +Inv Dex+9}
   (You found it on level 7 of the Dungeon)

   It affects your dexterity (+9).
   It lets you turn invisible.
   It may corrode you when you take damage.
   If you remove this armour, your AC will decrease by 3 (14 -> 11).
 C - a +0 shield
 I - a +0 troll leather armour
 K - a scarf of resistance (worn)
Jewellery
 k - an uncursed ring of protection from fire
 m - a +4 ring of strength (left hand)
 n - an uncursed ring of positive energy
 r - a ring of protection from cold (right hand)
 s - an uncursed ring of wizardry
 y - an uncursed ring of fire
 D - a +4 amulet of reflection (around neck)
 J - the amulet "Wiqav" {+Rage rPois MR- Dex+8}
   (You found it in a Gauntlet)

   [amulet of rage]

   It affects your dexterity (+8).
   It protects you from poison.
   It affects your resistance to hostile enchantments.
   It lets you go berserk.
Wands
 o - a wand of disintegration (10)
 z - a wand of polymorph (2)
 F - a wand of flame (8)
 H - a wand of paralysis (11)
Scrolls
 i - 2 scrolls of identify
 u - a scroll of teleportation
 v - 2 scrolls of immolation
 B - 3 scrolls of remove curse
 E - a scroll of fog
 G - a scroll of enchant armour
Potions
 g - a potion of resistance
 h - 2 potions of flight
 l - 2 potions of brilliance
 w - a potion of agility
 x - 2 potions of mutation
Comestibles
 f - 8 rations


   Skills:
 + Level 8.7 Fighting
 + Level 9.5 Long Blades
 - Level 2.0 Throwing
 + Level 6.2 Armour
 + Level 4.4 Dodging
 - Level 8.9 Shields
 - Level 4.4 Translocations
 + Level 10.9 Invocations
 - Level 5.1 Evocations


You had 11 spell levels left.
You knew the following spells:

 Your Spells              Type           Power        Failure   Level  Hunger
a - Apportation           Tloc           #.....       9%          1    ##.....

Your spell library contained the following spells:

 Spells                   Type           Power        Failure   Level  Hunger
 Shroud of Golubria       Chrm/Tloc      #.....       32%         2    ###....
 Animate Skeleton         Necr           N/A          47%         1    ##.....
 Corona                   Hex            #......      47%         1    ##.....
 Infusion                 Chrm           #...         47%         1    ##.....
 Summon Small Mammal      Summ           #...         47%         1    ##.....
 Song of Slaying          Chrm           #.......     63%         2    ###....
 Ozocubu's Armour         Chrm/Ice       #.......     85%         3    ####...
 Spectral Weapon          Hex/Chrm       #.......     85%         3    ####...


Dungeon Overview and Level Annotations

Branches:
Dungeon (11/15)            Temple (1/1) D:7            Lair (0/6) D:10
    Orc (0/2) D:10         Bailey (visited)         Gauntlet (1/1)

Altars:
Ashenzari
Cheibriados
Dithmenos
Elyvilon
Fedhas
Gozag
Hepliaklqana
Kikubaaqudgha
Makhleb
Nemelex Xobeh
Okawaru
Qazlal
Ru
Sif Muna
Trog
Uskayaw
Vehumet
Wu Jian
Xom
Yredelemnul
Zin
The Shining One
Beogh

Shops:
D:7 }   D:8 [   D:11 =

Annotations:
D:7 exclusion: oklob plant Gauntlet 6 transporters, exclusion: oklob plant


Innate Abilities, Weirdness & Mutations

You are resistant to hostile enchantments. (MR+)
Your movements are slightly less encumbered by armour. (ER -2)


Message History

The minotaur hits you with the +7 falchion of the Vase {venom, *Drain MP+9 Dex+4 Stlth+}!
The Shining One protects you from harm! The minotaur misses you.
You hit the minotaur but do no damage.
The minotaur is severely wounded.
* * * LOW HITPOINT WARNING * * *
You feel very sick. You block the minotaur's attack. x2
You slash the minotaur!
The minotaur is severely wounded.
* * * LOW HITPOINT WARNING * * *
You feel sick. You block the minotaur's attack. The minotaur gores you!
The Shining One protects you from harm!
You hit the minotaur.
The minotaur is severely wounded.
* * * LOW HITPOINT WARNING * * *
You feel sick.
The minotaur hits you but does no damage.
The minotaur gores you.
You die...

................
####.###.###.###
##.###.###.###
#.............#
#.###.###.###.#
#.......(.....#
######'#######
###(## #.∩@.#
#.H.⌠+ #%'⌠...#
###..⌠.# ###+##


You could see a minotaur.

Vanquished Creatures
  A death ooze (Gauntlet)
  A great orb of eyes (Gauntlet)
  2 two-headed ogres
  Pikel (D:6)
  An ugly thing (Gauntlet)
  A troll (D:11)
  A hippogriff (D:7)
  Sigmund (D:3)
  3 wyverns
  Eustachio (D:6)
  A steam dragon (D:10)
  A basilisk (D:10)
  Edmund (D:6)
  A warg (Bailey)
  3 black bears
  4 ice beasts
  3 sky beasts
  20 orc warriors
  A slave (D:6)
  A necrophage (D:10)
  A phantom (D:10)
  7 ogres
  A boggart (Bailey)
  A wolf (Bailey)
  11 centaurs
  2 crocodiles
  A big kobold (D:3)
  A gnoll sergeant (D:9)
  9 bullfrogs
  2 wyvern skeletons
  2 scorpions
  8 killer bees
  9 wights
  An electric eel (D:7)
  2 howler monkeys
  2 centaur zombies (D:10)
  10 crimson imps
  2 bullfrog zombies
  A jelly (D:10)
  8 orc priests
  2 hounds
  An iron imp (D:5)
  4 orc wizards
  A bullfrog skeleton (D:7)
  2 centaur skeletons (D:10)
  Natasha (thrice) (D:2)
  An iguana (D:4)
  3 worker ants
  A worker ant zombie (D:8)
  8 gnolls
  8 adders
  2 shadow imps
  An ooze (D:1)
  An adder zombie (D:7)
  2 worms (D:2)
  3 dart slugs
  8 leopard geckos
  66 orcs
  4 giant cockroaches
  12 goblins
  11 hobgoblins
  6 jackals
  6 quokkas
  2 ball pythons
  12 bats
  3 frilled lizards
  A jackal skeleton (D:5)
  15 kobolds
  A quokka skeleton (D:6)
  6 rats
326 creatures vanquished.

Vanquished Creatures (others)
  A quokka (D:10)
  A plant (Gauntlet)
  14 toadstools (D:7)
16 creatures vanquished.

Grand Total: 342 creatures vanquished

Notes
Turn   | Place    | Note
-------+----------+-------------------------------------------
     0 | D:1      | Ijustatesigmund the Human Gladiator began the quest for the
                  | Orb.
     0 | D:1      | Reached XP level 1. HP: 16/16 MP: 1/1
   100 | D:1      | Reached XP level 2. HP: 8/22 MP: 2/2
   323 | D:1      | Gained mutation: Your movements are slightly less
                  | encumbered by armour. (ER -2) [potion of mutation]
   323 | D:1      | Gained mutation: You are resistant to hostile enchantments.
                  | (MR+) [potion of mutation]
   441 | D:1      | Reached XP level 3. HP: 24/28 MP: 3/3
   854 | D:2      | Reached XP level 4. HP: 34/34 MP: 4/4
  1178 | D:2      | Reached XP level 5. HP: 30/41 MP: 5/5
  1202 | D:2      | Noticed Natasha
  1207 | D:2      | Killed Natasha
  1254 | D:2      | Noticed Natasha
  1261 | D:2      | Killed Natasha
  1261 | D:2      | Reached skill level 5 in Long Blades
  1704 | D:2      | Found a hazy altar of Hepliaklqana.
  1925 | D:2      | Noticed Natasha
  1934 | D:2      | Killed Natasha
  1934 | D:2      | Reached XP level 6. HP: 43/48 MP: 6/6
  2543 | D:3      | Found a sacrificial altar of Ru.
  2604 | D:3      | Reached skill level 1 in Armour
  2759 | D:3      | Noticed Sigmund
  2766 | D:3      | Killed Sigmund
  2766 | D:3      | Reached XP level 7. HP: 46/55 MP: 7/7
  3279 | D:4      | Found a basalt altar of Yredelemnul.
  3383 | D:4      | Got a pair of dazzling gloves
  3392 | D:4      | Identified the cursed +0 pair of gloves of Oroonump {*Drain
                  | rElec rCorr MP-9} (You found it on level 4 of the Dungeon)
  3459 | D:4      | You fall into a shaft and drop 3 floors!
  3459 | D:7      | Found Qumoi's Gadget Boutique.
  3579 | D:7      | Reached skill level 5 in Fighting
  3579 | D:7      | Reached XP level 8. HP: 52/62 MP: 0/8
  3695 | D:7      | Found a staircase to the Ecumenical Temple.
  3698 | D:7      | Noticed a hippogriff
  3705 | D:7      | Killed a hippogriff
  3709 | Temple   | Entered the Ecumenical Temple
  3966 | D:7      | Noticed a two-headed ogre
  4187 | D:6      | Found a sparkling altar of Nemelex Xobeh.
  4480 | D:7      | Got a pair of encrusted gloves
  4492 | D:7      | Identified the +2 pair of gloves of Beogh's Benevolence
                  | {*Corrode +Inv Dex+9} (You found it on level 7 of the
                  | Dungeon)
  4725 | D:7      | Found a blossoming altar of Fedhas.
  4746 | D:7      | Noticed an oklob plant
  4840 | D:7      | Reached skill level 5 in Armour
  4840 | D:7      | Reached XP level 9. HP: 63/69 MP: 9/9
  5229 | D:6      | Noticed Eustachio
  5237 | D:5      | Entered Level 5 of the Dungeon
  5407 | D:4      | Found a glowing golden altar of the Shining One.
  5510 | D:4      | Noticed an angel
  5515 | D:4      | Became a worshipper of the Shining One
  5652 | D:5      | Reached skill level 1 in Invocations
  5771 | D:5      | Reached skill level 2 in Invocations
  6165 | D:5      | Found a snail-covered altar of Cheibriados.
  6407 | D:6      | Killed Eustachio
  6407 | D:6      | Reached skill level 3 in Invocations
  6502 | D:6      | Reached skill level 4 in Invocations
  6537 | D:6      | Reached skill level 5 in Shields
  6537 | D:6      | Reached skill level 1 in Evocations
  6565 | D:6      | Noticed Pikel
  6592 | D:6      | Killed Pikel
  6592 | D:6      | Reached XP level 10. HP: 20/77 MP: 13/13
  6946 | D:6      | Noticed Edmund
  6975 | D:6      | Killed Edmund
  7123 | D:6      | Found a hide-covered altar of Uskayaw.
  7152 | D:6      | Found a white marble altar of Elyvilon.
  7251 | D:7      | Reached skill level 5 in Invocations
  7451 | D:7      | Found a radiant altar of Vehumet.
  7453 | D:7      | Found a burning altar of Makhleb.
  7912 | D:7      | Killed a two-headed ogre
  7912 | D:7      | Reached skill level 5 in Evocations
  8386 | D:8      | Found Juikk's Antique Armour Shop.
  8410 | D:8      | Bought a glowing hat for 161 gold pieces
  8467 | D:8      | Reached skill level 6 in Invocations
  8582 | D:8      | Reached * piety under the Shining One
  8684 | D:9      | Reached skill level 7 in Invocations
  8803 | D:9      | Found the +10 dark maul {vorpal}
  8808 | D:9      | Noticed a two-headed ogre
  8808 | D:9      | Reached ** piety under the Shining One
  8837 | D:9      | Killed a two-headed ogre
  8837 | D:9      | Reached XP level 11. HP: 12/83 MP: 16/16
  8993 | D:9      | Found a flagged portal.
  9000 | Bailey   | Entered a bailey
  9004 | Bailey   | Reached skill level 8 in Invocations
 10223 | Bailey   | Reached skill level 9 in Invocations
 10862 | Bailey   | Learned a level 1 spell: Apportation
 11017 | D:9      | Found an ancient bone altar of Kikubaaqudgha.
 11564 | D:8      | Reached skill level 1 in Translocations
 11694 | D:8      | Found a shimmering altar of Xom.
 11704 | D:8      | Reached skill level 10 in Invocations
 11704 | D:8      | Reached XP level 12. HP: 92/92 MP: 17/19
 12015 | D:9      | Found a roughly hewn altar of Beogh.
 12735 | D:9      | Found a glowing silver altar of Zin.
 12796 | D:10     | Entered Level 10 of the Dungeon
 13369 | D:10     | Found a staircase to the Orcish Mines.
 13573 | D:10     | Reached *** piety under the Shining One
 13910 | D:10     | Found a shimmering altar of Xom.
 14148 | D:10     | Found a staircase to the Lair.
 14514 | D:11     | Found Iddaad's Jewellery Shoppe.
 14562 | D:11     | Found a gate leading to a gauntlet.
 14568 | Gauntlet | Entered a Gauntlet
 14568 | Gauntlet | Found a transporter.
 14568 | Gauntlet | Found a transporter.
 14572 | Gauntlet | Found a transporter.
 14572 | Gauntlet | Noticed a sixfirhy
 14575 | Gauntlet | Found a transporter.
 14576 | Gauntlet | Found a transporter.
 14576 | Gauntlet | Found a transporter.
 14579 | Gauntlet | Noticed a death ooze
 14610 | Gauntlet | Found a transporter.
 14614 | Gauntlet | Found a transporter.
 14618 | Gauntlet | Noticed a great orb of eyes
 14623 | Gauntlet | Found the +0 mask of the Dragon {MR+ Slay+3 SInv}
 14623 | Gauntlet | Found a transporter.
 14639 | Gauntlet | Found a transporter.
 14642 | Gauntlet | Noticed a blizzard demon
 14654 | Gauntlet | Found a transporter.
 14658 | Gauntlet | Found a transporter.
 14702 | Gauntlet | Killed a death ooze
 14702 | Gauntlet | Reached XP level 13. HP: 70/99 MP: 21/21
 14847 | Gauntlet | Got a vibrating bone amulet
 14873 | Gauntlet | Identified the amulet "Wiqav" {+Rage rPois MR- Dex+8} (You
                  | found it in a Gauntlet)
 14928 | Gauntlet | Killed a great orb of eyes
 15172 | Gauntlet | Identified the +7 falchion of the Vase {venom, *Drain MP+9
                  | Dex+4 Stlth+}
 15172 | Gauntlet | Noticed a minotaur
 15208 | Gauntlet | The Shining One protects you from harm!
 15210 | Gauntlet | HP: 4/99 [poisoned by a minotaur]
 15210 | Gauntlet | The Shining One protects you from harm!
 15211 | Gauntlet | Slain by a minotaur

Levels and vault maps discovered:
D:1:      saegor_arrival_miasma, layout_basic, hangedman_glass_teeth
D:2:      layout_basic, lemuel_doored_altar, uniq_natasha
D:3:      cheibrodos_thug_alley, layout_loops_ring, lemuel_round_altar,
          first_ration, uniq_sigmund
D:4:      layout_rooms, grunt_temple_overflow_holy_war
D:5:      layout_loops_corners, slow_altar_2, lemuel_old_faithful
D:6:      layout_cave_pools, nicolae_overflow_hidden_temple,
          kennysheep_little_box, basic_altar, uniq_edmund, uniq_eustachio,
          uniq_pikel
D:7:      layout_basic, grunt_temple_overflow_lords_of_destruction, tgw_fedhas,
          minmay_temple_entry_large_hall, serial_shops, nicolae_shop_trees,
          hangedman_decor_peaks_small, serial_bayou_ford_a
D:8:      layout_cave_pools, kennysheep_mini, serial_shops, shop
D:9:      layout_roguey, lemuel_round_altar, kiku_gazebo_pond_becter,
          special_room [special_room_orc], enter_bailey_3
D:10:     layout_long_grid, erik_lair_dragon, david_orc_4, basic_altar
D:11:     gammafunk_the_bubble [the_bubble_gammafunk_plus_minus],
          layout_loops_corners, gauntlet_entry_generic, serial_shops, shop,
          shop, kennysheep_mini_moat,
          nicolae_shop_temple_entry_statues_fountains, uniq_harold
Temple:   compressed_dpeg_triangle_lava_temple
Gauntlet: minmay_gauntlet_77_indecision [minmay_gauntlet_arena_77_braids,
          minmay_gauntlet_arena_77_box, minmay_gauntlet_arena_77_broken_ladder,
          minmay_gauntlet_arena_77_hold_the_fort,
          minmay_gauntlet_arena_77_two_paths,
          minmay_gauntlet_arena_77_checkered, gauntlet_exit_hidden_loot]

Skill      XL: |  1  2  3  4  5  6  7  8  9 10 11 12 |
---------------+-------------------------------------+-----
Long Blades    | 4 5 6 7 8 9 |  9.5
Fighting       | 3 4 5 6 8 |  8.7
Armour         | 2 3 5 6 |  6.2
Shields        | 5 7 8 |  8.9
Invocations    | 4 7 10 | 10.9
Evocations     | 3 5 |  5.1
Translocations | 4 |  4.4
Dodging        | 4 |  4.4
Throwing       | |  2.0

Action                   |  1- 3 |  4- 6 |  7- 9 | 10-12 | 13-15 || total
-------------------------+-------+-------+-------+-------+-------++-------
Melee: Long sword        |    54 |   155 |   291 |   744 |    82 ||  1326
Throw: Javelin           |     2 |       |     3 |    23 |       ||    28
       Dart              |     1 |    12 |    21 |    17 |       ||    51
       Throwing net      |       |       |     3 |     2 |       ||     5
Invok: Divine Shield     |       |       |       |     3 |     2 ||     5
Evoke: Wand              |       |       |     2 |    19 |       ||    21
  Use: Scroll            |     4 |     5 |     8 |     7 |     1 ||    25
       Potion            |     1 |       |     5 |    10 |     2 ||    18
 Stab: Sleeping          |     1 |       |       |       |       ||     1
       Invisible         |       |     2 |     1 |       |       ||     3
       Held in net/web   |       |       |     2 |       |       ||     2
  Eat: Chunk             |       |     6 |     9 |    10 |     1 ||    26
       Ration            |       |       |     1 |     5 |     1 ||     7
Armor: Leather armour    |    21 |    15 |       |       |       ||    36
       Chain mail        |       |    48 |     5 |       |       ||    53
       Ring mail         |       |       |   110 |   140 |     7 ||   257
Dodge: Dodged            |    51 |   104 |   201 |   275 |    18 ||   649
Block: Shield            |       |       |    76 |   574 |    30 ||   680
       Reflection        |       |       |       |     4 |       ||     4
       Buckler           |       |       |       |       |    38 ||    38
       Rpst.: Long sword |    14 |    34 |    49 |    74 |     1 ||   172

Table legend:
 A = Non-vault XP
 B = Vault XP
 C = Vault XP percentage of total XP
 D = Non-vault monster count
 E = Vault monster count
 F = Vault count percentage of total count
                 A         B        C        D         E       F
            +---------+---------+-------+---------+---------+-------
      Total |   10431 |    9060 |  46.5 |     213 |     112 |  34.5
            +---------+---------+-------+---------+---------+-------
        D:1 |      42 |       0 |   0.0 |      14 |       0 |   0.0
        D:2 |     213 |      37 |  14.8 |      35 |       1 |   2.8
        D:3 |      58 |     329 |  85.0 |      22 |      11 |  33.3
        D:4 |     183 |       0 |   0.0 |      11 |       0 |   0.0
        D:5 |     558 |      40 |   6.7 |      15 |       1 |   6.2
        D:6 |     801 |    1001 |  55.5 |      15 |       3 |  16.7
        D:7 |    2431 |      50 |   2.0 |      30 |       1 |   3.2
        D:8 |     772 |     266 |  25.6 |      18 |       4 |  18.2
        D:9 |    3061 |     620 |  16.8 |      28 |      25 |  47.2
       D:10 |    1869 |    1617 |  46.4 |      23 |      23 |  50.0
       D:11 |     443 |       0 |   0.0 |       2 |       0 |   0.0
     Bailey |       0 |    2369 | 100.0 |       0 |      39 | 100.0
   Gauntlet |       0 |    2731 | 100.0 |       0 |       4 | 100.0
            +---------+---------+-------+---------+---------+-------
